 Dungeon Crawl Stone Soup version 0.31.0-12-g77e489cdc1 (webtiles) character file.

Game seed: 3621048936025901333

63 GregS11 the Grave Robber (level 3, -2/24 HPs)
             Began as a Vampire Necromancer on Mar 5, 2024.
             Was an Initiate of Yredelemnul.
             Slain by an iguana (12 damage)
             ... on level 4 of the Dungeon.
             The game lasted 00:07:35 (1272 turns).

GregS11 the Grave Robber (Vampire Necromancer)      Turns: 1272, Time: 00:07:35

Health: -2/24      AC:  2    Str:  7    XL:     3   Next: 87%
Magic:  2/7        EV: 12    Int: 19    God:    Yredelemnul [......]
Gold:   64         SH:  0    Dex: 14    Spells: 6/7 levels left

rFire   . . .        e - +1 quarterstaff (drain)
rCold   . . .        (shield currently unavailable)
rNeg    . . .        a - +0 robe
rPois   .            (no helmet)
rElec   .            (no cloak)
rCorr   .            (no gloves)
SInv    +            (no boots)
Will    .....        (no amulet)
Stlth   ++           (no ring)
HPRegen 0.44/turn    (no ring)
MPRegen 0.10/turn

%: no passive effects
@: healing quickly
A: alive, fangs 3, see invisible, vampiric 2
a: Exsanguinate, Renounce Religion, Recall Undead Harvest


You were on level 4 of the Dungeon.
You worshipped Yredelemnul.
Yredelemnul was noncommittal.
You visited 1 branch of the dungeon, and saw 3 of its levels.

You collected 64 gold pieces.

Inventory:

Hand Weapons
 c - a +0 dagger
 e - a +1 quarterstaff of draining (weapon)
Missiles
 j - 13 stones
Armour
 a - a +0 robe (worn)
Talismans
 i - a flux talisman
Scrolls
 f - a scroll of butterflies {unknown}
 h - 4 scrolls of identify {unknown}
 l - a scroll of teleportation {unknown}
Potions
 b - a potion of magic
 d - a potion of heal wounds {unknown}
 g - a potion of brilliance {unknown}
 k - a potion of lignification {unknown}
 m - a potion of curing {unknown}


   Skills:
 + Level 0.1 Staves
 + Level 2.4 Dodging
 + Level 3.3 Stealth
 + Level 2.9 Spellcasting
 + Level 5.2 Necromancy


You had 6 spell levels left.
You knew the following spells:

 Your Spells              Type           Power      Damage    Failure   Level
a - Necrotise             Necr           88%        1d8       1%          1

Your spell library contained the following spells:

 Spells                   Type           Power      Damage    Failure   Level
 Vampiric Draining        Necr           22%        2d7       5%          3
 Gell's Gravitas          Tloc           2%         N/A       43%         3
 Teleport Other           Tloc           2%         N/A       43%         3
 Curse of Agony           Necr           22%        N/A       45%         5
 Dispersal                Tloc           1%         N/A       100%        6
 Animate Dead             Necr           Unusable   N/A       N/A         4

Dungeon Overview and Level Annotations

Branches:
Dungeon (2/15)

Altars:
Dithmenos
Yredelemnul

Portals:
Sewer: D:4


Innate Abilities, Weirdness & Mutations

Your natural rate of healing is accelerated.
You have razor-sharp teeth.
You have supernaturally acute eyesight. (SInv)
You are afflicted with vampirism and can become a bat while bloodless.


Message History

The adder is almost dead.
The adder misses you.
You hit the adder but do no damage. You drain the adder.
You kill the adder!
The ball python barely misses you. The ball python grabs you.
The ball python constricts you. The ball python bites you.
The ball python constricts you.
You sock the ball python!
You kill the ball python!
You thump the rat!
You kill the rat!
The dead are walking!
The rat twitches its whiskers.
You closely miss the river rat.
The river rat is severely wounded.
The river rat closely misses you.
Your rat zombie closely misses the iguana.
You barely miss the river rat.
The river rat is severely wounded.
The rat misses you.
The river rat twitches its whiskers.
The river rat barely misses you.
Your rat zombie bites the iguana but does no damage.
You hit the river rat. Your bite misses the river rat.
The river rat is almost dead.
The rat barely misses you. The river rat closely misses you.
Your rat zombie bites the rat.
The river rat bites you.
You barely miss the river rat. You bite the river rat.
You kill the river rat!
The dead are walking!
The iguana bites you!
Your rat zombie barely misses the rat.
You hit the iguana.
The iguana is lightly wounded.
The iguana bites you.
Your rat zombie barely misses the rat.
You hit the iguana.
The iguana is heavily wounded.
The iguana bites you!
Ouch! That really hurt!
You die...
You join the legions of the undead harvest.

# #.####
#Zrl@#
.......#.#
......##Z#
~~...# #.#
~~~.. #.#
∩~~. #.#
~~~ #.#
~~. #.#
#.#


You could see an iguana (ally target), a rat, a friendly rat zombie and a
friendly river rat zombie.

Vanquished Creatures
  2 adders (D:4)
  A river rat (D:4)
  A dart slug (D:1)
  A ribbon worm (D:2)
  2 ball pythons
  3 bats
  An endoplasm (D:2)
  3 goblins
  3 hobgoblins
  2 jackals (D:1)
  A frilled lizard (D:2)
  3 kobolds (D:1)
  3 rats
26 creatures vanquished.

Vanquished Creatures (collateral kills)
  An endoplasm (D:1)
  2 giant cockroaches (D:2)
  A jackal (D:1)
  A ball python (D:2)
  A frilled lizard (D:2)
  A rat (D:1)
7 creatures vanquished.

Vanquished Creatures (others)
  A bat zombie (D:2)
1 creature vanquished.

Grand Total: 34 creatures vanquished

Notes
Turn   | Place    | Note
-------+----------+-------------------------------------------
     0 | D:1      | GregS11 the Vampire Necromancer began the quest for the
                  | Orb.
     0 | D:1      | Reached XP level 1. HP: 13/13 MP: 3/3
   308 | D:1      | Reached XP level 2. HP: 19/19 MP: 3/5
   917 | D:2      | Found a faded altar of an unknown god.
  1021 | D:2      | Gained mutation: You are afflicted with vampirism and can
                  | become a bat while bloodless. [Vampire growth]
  1021 | D:2      | Reached XP level 3. HP: 24/24 MP: 2/6
  1039 | D:2      | Prayed at the altar of an unknown god.
  1039 | D:2      | Became a worshipper of Yredelemnul the Dark
  1039 | D:2      | Reached * piety under Yredelemnul
  1100 | D:2      | Reached skill level 5 in Necromancy
  1124 | D:2      | Found a shadowy altar of Dithmenos.
  1238 | D:2      | You fall into a shaft and drop 2 floors!
  1255 | D:4      | Found a glowing drain.
  1272 | D:4      | Slain by an iguana

Illustrated notes

Levels and vault maps discovered:
D:1:      dpeg_arrival_rooms_c, layout_loops_ring
D:2:      layout_basic, nicolae_ecumenical_lake_church, basic_altar
D:4:      gammafunk_steamed_eel, layout_basic, minmay_temple_entry_waves,
          portal_sewer_entry_a, amcnicky_mini_pool_small,
          lexackson_kobold_supper, uniq_edmund, uniq_duvessa, uniq_menkaure

Skill      XL: |  1  2  3 |
---------------+----------+-----
Necromancy     | 5 |  5.2
Staves         | |  0.1
Dodging        | |  2.4
Stealth        | |  3.3
Spellcasting   | |  2.9

Action                     || total
---------------------------++-------
  Melee: Quarterstaff      ||    25
         Bite              ||     1
   Cast: Necrotise         ||    45
 Armour: Robe              ||    35
  Dodge: Dodged            ||    41
